 Dungeon Crawl Stone Soup version 0.17-a0-1011-gfa70bdd (webtiles) character file.

4810 namelastname112 the Sneak (level 10, -17/69 HPs)
             Began as a Black Draconian Enchanter on May 13, 2015.
             Was an Initiate of Gozag.
             Demolished by an orc knight
             ... wielding a +0 great sword of protection
              (24 damage)
             ... while paralysed
             ... on level 10 of the Dungeon.
             The game lasted 00:32:11 (8555 turns).

namelastname112 the Sneak (DrEn)                    Turns: 8555, Time: 00:32:12

Health: -17/69     AC: 10    Str: 11    XL:     10   Next: 24%
Magic:  20/20      EV:  2    Int: 17    God:    Gozag
Gold:   612        SH:  0    Dex: 13    Spells: 4 memorised, 13 levels left

rFire  . . .     SeeInvis .     a - +1 dagger
rCold  . . .     Clarity  .     (armour unavailable)
rNeg   . . .     SustAb   .     (no shield)
rPois  .         Gourm    .     (helmet restricted)
rElec  +         Spirit   .     g - +0 cloak
rCorr  .         Warding  .     (no gloves)
rMut   +         Stasis   .     (no boots)
MR     .....                    c - amulet of resist mutation
Stlth  +++.......               (no ring)
                                A - +2 ring of protection

@: paralysed, starving, not resistant to hostile enchantments, fairly stealthy
A: breathe lightning, unfitting armour, electricity resistance, cold-blooded, AC
+7
a: Breathe Lightning, Potion Petition, Call Merchant, Bribe Branch, Renounce
Religion


You were on level 10 of the Dungeon.
You worshipped Gozag.
Gozag was noncommittal.
You were starving.

You visited 2 branches of the dungeon, and saw 11 of its levels.
You also visited: Bailey.

You collected 1163 gold pieces.
You paid 551 gold pieces to Gozag.

Inventory:

Hand weapons
 a - a +1 dagger (weapon)
 h - the cursed +0 great mace of Starshine {crush, rF+, unknown}
   (You found it on level 7 of the Dungeon)

   It inflicts extra damage upon your enemies.
   It protects you from fire.
   It has a curse placed upon it.
Armour
 d - a +1 shield of positive energy
 g - a +0 cloak (worn)
Jewellery
 c - an amulet of resist mutation (around neck)
 v - an uncursed amulet of warding
 A - a +2 ring of protection (left hand)
Magical devices
 l - a wand of random effects (0)
 w - a wand of slowing (24)
Scrolls
 j - 2 scrolls of identify {unknown}
 k - 8 scrolls of remove curse {unknown}
 n - a scroll of amnesia {unknown}
 p - a scroll of fear {unknown}
 r - a scroll of noise {unknown}
 s - a scroll of immolation {unknown}
Potions
 o - a potion of beneficial mutation {unknown}
 t - a potion of flight
 x - a potion of degeneration
 z - 4 potions of curing
Books
 b - a book of Maledictions

   Spells                             Type                      Level
   a - Corona                         Hexes                        1
   b - Ensorcelled Hibernation        Hexes/Ice                    2
   c - Confuse                        Hexes                        3
   d - Tukima's Dance                 Hexes                        3
   e - Dazzling Spray                 Conjuration/Hexes            3
 y - a book of Ice

   Spells                             Type                      Level
   a - Ice Form                       Ice/Transmutation            4
   b - Metabolic Englaciation         Hexes/Ice                    5
   c - Ozocubu's Refrigeration        Ice                          6
   d - Bolt of Cold                   Conjuration/Ice              6
   e - Freezing Cloud                 Conjuration/Ice/Air          6
   f - Simulacrum                     Ice/Necromancy               6


   Skills:
 + Level 6.6 Short Blades
 + Level 6.3 Dodging
 + Level 7.0 Stealth
 + Level 6.8 Spellcasting
 + Level 6.9 Hexes


You had 13 spell levels left.
You knew the following spells:

 Your Spells              Type           Power        Failure   Level  Hunger
a - Corona                Hex            ####...      1%          1    None
b - Tukima's Dance        Hex            ####....     1%          3    ##.....
x - Confuse               Hex            ####....     1%          3    ##.....
z - Ensorcelled Hibernat  Hex/Ice        ###...       4%          2    None


Dungeon Overview and Level Annotations

Branches:
Dungeon (10/15)            Temple (1/1) D:4             Orc (0/4) D:10
   Lair: D:8-11

Altars:
Cheibriados
Dithmenos
Elyvilon
Fedhas
Gozag
Kikubaaqudgha
Makhleb
Nemelex Xobeh
Okawaru
Qazlal
Ru
Sif Muna
Trog
Vehumet
Xom
Yredelemnul
Zin
The Shining One

Shops:
D:10 %(


Innate Abilities, Weirdness & Mutations

You can breathe wild blasts of lightning.
Your glossy black scales are hard (AC +7).
Your body does not fit into most forms of armour.
You are resistant to electric shocks.
You are cold-blooded and may be slowed by cold attacks.


Message History

Found 17 gold pieces.
The orc knight closely misses you.
You lose consciousness!
The worker ant bites you but does no damage.
The orc knight hits you with a great sword of protection!
The sky beast flickers out of sight!
Deactivating autopickup; reactivate with Ctrl-A.
The worker ant bites you.
The orc warrior hits you from afar with a trident!
The orc knight hits you but does no damage.
Something hits you but does no damage.
The worker ant bites you but does no damage.
The iguana hisses angrily.
The worker ant bites you but does no damage.
The orc warrior hits you from afar with a trident!
* * * LOW HITPOINT WARNING * * *
Something hits you but does no damage.
The orc knight hits you with a great sword of protection!!
You die...
Your body crumbles into a pile of gold.

$ ...............
......$............
.....>..............
.................$..
.....∩..............
...........o........
........ooo........
........ooa@.......
#....o{....l...
#..#..s........
#.§#...........
#..#...........
#..#+########## #..#
#..# #..#


You could see an orc knight, 3 orc warriors, a scorpion, an iguana, a worker ant
and 3 orcs.

Vanquished Creatures
  The ghost of inmateoo the Conjurer, an experienced DrCj of Cheibriados (Bailey)
  3 orc knights (Bailey)
  Joseph (D:7)
  The ghost of halfnothing the Conjurer, an experienced VSMo of Vehumet (D:5)
  3 orc warriors (Bailey)
  2 black bears (D:6)
  2 sky beasts
  A phantom (D:6)
  4 giant frogs
  A water moccasin skeleton (D:5)
  3 killer bees (D:7)
  A crimson imp (D:7)
  A centaur skeleton (D:4)
  An orc priest (D:4)
  A gnoll shaman (D:5)
  An iguana (D:5)
  2 jellies
  7 orc wizards
  A worker ant (D:5)
  A worker ant zombie (D:7)
  9 gnolls
  8 adders
  2 shadow imps (D:6)
  An ooze (D:3)
  4 worms
  6 giant geckos
  20 orcs
  A ball python (D:1)
  9 bats
  A bat skeleton (D:6)
  3 giant cockroaches
  15 goblins
  11 hobgoblins
  9 jackals
  10 quokkas
  A giant newt (D:1)
  13 kobolds
  A quokka skeleton (D:6)
  7 rats
  A butterfly (D:2)
170 creatures vanquished.

Vanquished Creatures (collateral kills)
  An orc knight (Bailey)
  2 orc warriors (Bailey)
  7 ogres
  A gnoll sergeant (D:4)
  A killer bee (D:7)
  An orc priest (D:6)
  4 gnolls
  3 orcs
20 creatures vanquished.

Vanquished Creatures (others)
  8 dancing weapons
8 creatures vanquished.

Grand Total: 198 creatures vanquished

Notes
Turn   | Place    | Note
--------------------------------------------------------------
     0 | D:1      | namelastname112 the Draconian Enchanter began the quest for the Orb.
     0 | D:1      | Reached XP level 1. HP: 14/14 MP: 3/3
   380 | D:1      | Reached XP level 2. HP: 20/20 MP: 5/5
   384 | D:1      | Learned a level 2 spell: Ensorcelled Hibernation
   943 | D:2      | Reached XP level 3. HP: 14/26 MP: 6/6
   977 | D:2      | Learned a level 3 spell: Confuse
  1040 | D:2      | Reached skill level 3 in Hexes
  1072 | D:2      | Found a shimmering altar of Xom.
  1493 | D:2      | Reached XP level 4. HP: 30/33 MP: 1/8
  2489 | D:3      | Reached XP level 5. HP: 34/38 MP: 7/9
  2617 | D:3      | Learned a level 3 spell: Tukima's Dance
  2848 | D:3      | Found a bloodstained altar of Trog.
  2945 | D:4      | Noticed an ogre
  2957 | D:4      | Killed an ogre
  3280 | D:4      | Reached XP level 6. HP: 45/45 MP: 4/11
  3531 | D:4      | Found an iron altar of Okawaru.
  3560 | D:4      | Found a staircase to the Ecumenical Temple.
  3574 | Temple   | Entered the Ecumenical Temple
  3619 | Temple   | Became a worshipper of Gozag Ym Sagoz the Greedy
  4112 | D:4      | Reached skill level 4 in Spellcasting
  4231 | D:4      | Noticed an ogre
  4240 | D:4      | Killed an ogre
  4240 | D:4      | Your scales start taking on a glossy black colour.
  4240 | D:4      | Gained mutation: You are resistant to electric shocks. [Black Draconian growth]
  4240 | D:4      | Reached XP level 7. HP: 10/50 MP: 4/13
  4547 | D:4      | Found a snail-covered altar of Cheibriados.
  4620 | D:5      | Entered Level 5 of the Dungeon
  4650 | D:5      | Found a white marble altar of Elyvilon.
  4805 | D:5      | Noticed halfnothing's ghost (experienced VSMo)
  4884 | D:5      | Killed halfnothing's ghost
  4987 | D:5      | Reached XP level 8. HP: 41/57 MP: 4/15
  5462 | D:5      | Reached skill level 5 in Spellcasting
  5549 | D:5      | Found a burning altar of Makhleb.
  5549 | D:5      | Found a glowing silver altar of Zin.
  5550 | D:5      | Noticed an angel
  5550 | D:5      | Noticed a green death
  5783 | D:5      | Reached skill level 5 in Hexes
  5972 | D:6      | Reached skill level 5 in Stealth
  6345 | D:6      | Found a blossoming altar of Fedhas.
  6350 | D:6      | Found a stormy altar of Qazlal.
  6589 | D:6      | Reached skill level 5 in Short Blades
  6701 | D:6      | Reached XP level 9. HP: 43/62 MP: 0/17
  6801 | D:6      | Found an iron altar of Okawaru.
  6804 | D:6      | Found a sparkling altar of Nemelex Xobeh.
  6807 | D:6      | Found a sacrificial altar of Ru.
  7168 | D:7      | Reached skill level 5 in Dodging
  7208 | D:7      | Noticed Joseph
  7245 | D:7      | Killed Joseph
  7342 | D:7      | Got a twisted great mace
  7414 | D:7      | Reached skill level 6 in Stealth
  7417 | D:7      | Found a flagged portal.
  7431 | Bailey   | Entered a bailey
  7511 | Bailey   | Noticed inmateoo's ghost (experienced DrCj)
  7577 | Bailey   | Killed inmateoo's ghost
  7798 | Bailey   | Noticed an orc knight
  7801 | Bailey   | Noticed an orc knight
  7896 | Bailey   | Noticed an orc knight
  7928 | Bailey   | Noticed an orc knight
  8028 | Bailey   | Killed an orc knight
  8046 | Bailey   | Killed an orc knight
  8046 | Bailey   | Reached XP level 10. HP: 57/69 MP: 11/19
  8049 | Bailey   | Killed an orc knight
  8148 | Bailey   | Killed an orc knight
  8148 | Bailey   | Reached skill level 7 in Stealth
  8432 | D:7      | Found a blossoming altar of Fedhas.
  8520 | D:10     | Entered Level 10 of the Dungeon
  8526 | D:10     | soooooooqa
  8543 | D:10     | Noticed an orc knight
  8544 | D:10     | Found Rowni's Weapon Boutique.
  8546 | D:10     | Found a staircase to the Orcish Mines.
  8555 | D:10     | Demolished by an orc knight

Vault maps used:
D:1:      grunt_arrival_crossed_arrows
D:2:      xom_butterflies
D:3:      lemuel_crystal_altar, first_bread, dk_noncrumbling_3
D:4:      cheibriados_altar_wand_db, okawaru_trees_1
D:5:      grunt_temple_overflow_order_and_chaos_2, lemuel_doored_altar
D:6:      grunt_temple_overflow_forces_of_nature, grunt_temple_overflow_diamond,
          grunt_ministairs_9
D:7:      enter_bailey_3, fedhas_altar_1, uniq_joseph
D:8:      minmay_lair_entry_grove
D:9:      cheibrodos_ashenzari_chains, grunt_livestock
D:10:     orc_david_3
Temple:   temple_island_7
Bailey:   bailey_polearm_1, bailey

Action                   |  1- 3 |  4- 6 |  7- 9 | 10-12 || total
-------------------------+-------+-------+-------+-------++-------
Melee: Dagger            |   136 |   193 |   273 |    15 ||   617
 Cast: Ensorcelled Hiber |    14 |    36 |    54 |     3 ||   107
       Confuse           |     1 |     4 |    45 |     8 ||    58
       Tukima's Dance    |       |    10 |    21 |     2 ||    33
Invok: Call Merchant     |       |       |       |     1 ||     1
 Abil: Breathe Lightning |       |       |     8 |     1 ||     9
Evoke: Wand              |       |       |    11 |       ||    11
  Use: Potion            |       |     1 |     7 |       ||     8
       Scroll            |       |       |     3 |     1 ||     4
 Stab: Sleeping          |    12 |    26 |    38 |     2 ||    78
       Confused          |     1 |     3 |     8 |       ||    12
       Invisible         |       |     1 |       |       ||     1
       Distracted        |       |       |     3 |       ||     3
  Eat: Chunk             |     2 |     2 |       |       ||     4
       Meat ration       |       |     2 |       |       ||     2
       Pizza             |       |     1 |     3 |       ||     4
       Bread ration      |       |       |     3 |       ||     3
